 Dungeon Crawl Stone Soup version 0.29.1-12-g30fa7ad0bf (webtiles) character file.

Game seed: 905488897100984341

20523 Radix the Geomancer (level 12, -8/94 HPs)
             Began as a Gnoll Wanderer on Dec 30, 2022.
             Was a Priest of Vehumet.
             Mangled by a komodo dragon (16 damage)
             ... on level 3 of the Lair of Beasts.
             The game lasted 01:19:11 (13762 turns).

Radix the Geomancer (Gnoll Wanderer)               Turns: 13762, Time: 01:19:11

Health: -8/94      AC: 12    Str: 14    XL:     12   Next: 80%
Magic:  22/24      EV: 16    Int: 15    God:    Vehumet [***...]
Gold:   376        SH:  6    Dex: 17    Spells: 16/27 levels left

rFire   . . .      SeeInvis .   B - +7 morningstar of the Grinning Weasel {vorpal, rC+}
rCold   + . .      Faith    .   O - +0 buckler
rNeg    . . .      Spirit   .   I - +2 steam dragon scales
rPois   +          Reflect  .   o - +0 helmet
rElec   .          Harm     .   (no cloak)
rCorr   .          Rampage  .   E - +0 pair of gloves
Will    .....                   D - +0 pair of boots
Stlth   ++++......              J - amulet of magic regeneration
HPRegen 0.25/turn               N - +6 ring of dexterity
MPRegen 0.59/turn               C - ring of poison resistance

@: hasted, very quick
A: fangs 1, strong nose, distributed training
a: Renounce Religion


You were on level 3 of the Lair of Beasts.
You worshipped Vehumet.
Vehumet was most pleased with you.
You visited 3 branches of the dungeon, and saw 12 of its levels.
You also visited: Sewer.

You collected 695 gold pieces.
You spent 319 gold pieces at shops.

Inventory:

Hand Weapons
 e - a +1 vampiric rapier
 t - a +1 demon whip of venom
 B - the +7 morningstar of the Grinning Weasel (weapon) {vorpal, rC+}
   (You bought it in a shop on level 6 of the Dungeon)

   It inflicts extra damage upon your enemies.
   rC:        It protects you from cold.
Missiles
 b - 15 boomerangs (quivered)
 w - 34 poisoned darts
 G - 4 curare-tipped darts
Armour
 k - a +1 leather armour of cold resistance
 o - a +0 helmet (worn)
 y - a +2 robe of cold resistance
 D - a +0 pair of boots (worn)
 E - a +0 pair of gloves (worn)
 I - +2 steam dragon scales (worn)
 O - a +0 buckler (worn)
Magical Staves
 c - a staff of fire
Jewellery
 a - an amulet of reflection
 s - a ring of protection from fire
 C - a ring of poison resistance (right hand)
 J - an amulet of magic regeneration (around neck)
 N - a +6 ring of dexterity (left hand)
Wands
 p - a wand of paralysis (7)
 r - a wand of quicksilver (4)
 v - a wand of polymorph (7)
 L - a wand of flame (36)
Scrolls
 m - 2 scrolls of magic mapping
 n - 9 scrolls of teleportation
 q - 2 scrolls of butterflies
 F - a scroll of silence
Potions
 d - 4 potions of attraction
 f - a potion of might
 h - 2 potions of lignification
 i - 2 potions of mutation
 l - a potion of flight
 u - 2 potions of brilliance
 x - a potion of cancellation
 A - 2 potions of degeneration


   Skills:
 + Level 8.4 Fighting
 + Level 7.9 Short Blades
 + Level 7.9 Long Blades
 + Level 7.9 Axes
 + Level 7.9 Maces & Flails
 + Level 7.9 Polearms
 + Level 7.9 Staves
 + Level 8.4 Ranged Weapons
 + Level 9.2 Throwing
 + Level 7.9 Armour
 + Level 7.9 Dodging
 + Level 8.3 Stealth
 + Level 7.9 Shields
 + Level 7.9 Unarmed Combat
 + Level 8.4 Spellcasting
 + Level 6.6 Conjurations
 + Level 6.6 Hexes
 + Level 6.6 Summonings
 + Level 6.6 Necromancy
 + Level 6.6 Translocations
 + Level 6.6 Transmutations
 + Level 6.6 Fire Magic
 + Level 6.6 Ice Magic
 + Level 6.6 Air Magic
 + Level 9.8 Earth Magic
 + Level 6.6 Poison Magic
 + Level 8.7 Invocations
 + Level 7.9 Evocations


You had 16 spell levels left.
You knew the following spells:

 Your Spells              Type           Power      Damage    Failure   Level
a - Sandblast             Erth           70%        2d15      1%          1
b - Stone Arrow           Conj/Erth      60%        3d10      1%          3
c - Static Discharge      Conj/Air       26%        3-7/arc   1%          2
d - Lightning Bolt        Conj/Air       13%        1d26      7%          5

Your spell library contained the following spells:

 Spells                   Type           Power      Damage    Failure   Level
 Iskenderun's Mystic Bla  Conj/Tloc      26%        2d7       2%          4
 Ensorcelled Hibernation  Hex/Ice        52%        N/A       1%          2
 Ozocubu's Armour         Ice            26%        N/A       2%          3
 Spider Form              Tmut/Pois      26%        N/A       2%          3
 Leda's Liquefaction      Hex/Erth       15%        N/A       4%          4
 Anguish                  Hex/Necr       13%        N/A       10%         4
 Ozocubu's Refrigeration  Ice            13%        4d10      86%         7
 Maxwell's Capacitive Co  Air            13%        ∞         100%        8


Dungeon Overview and Level Annotations

Branches:
Dungeon (8/15)             Temple (1/1) D:5            Lair (3/5) D:8
 Spider (0/4) Lair:2        Sewer (visited)
  Swamp: Lair:2-3    Shoals: Lair:2-3

Altars:
Ashenzari
Cheibriados
Dithmenos
Fedhas
Gozag
Hepliaklqana
Makhleb
Nemelex Xobeh
Okawaru
Qazlal
Ru
Uskayaw
Vehumet
Wu Jian
Xom
Yredelemnul
The Shining One

Shops:
D:6 =([[   D:7 =

Annotations:
Lair:2 2 transporters, mkat's ghost, journeyman SpCj


Innate Abilities, Weirdness & Mutations

You have very sharp teeth.
Your uncanny sense of smell can sniff out nearby items.
Your experience applies equally to all skills.


Message History

You kill the wolf!
Vehumet accepts your kill. The wolf barely misses you.
You block the wolf's attack. The wolf bites you. x2
You sock the wolf! Your bite misses the wolf.
The wolf is severely wounded.
You block the wolf's attack. The wolf bites you! You block the wolf's attack.
The wolf bites you but does no damage.
You puncture the wolf!
You kill the wolf!
Vehumet accepts your kill. The wolf bites you! The komodo dragon bites you!
The wolf closely misses you. The komodo dragon barely misses you.
You closely miss the wolf.
The wolf is heavily wounded.
The wolf closely misses you. You block the wolf's attack.
The komodo dragon hisses menacingly.
The komodo dragon bites you but does no damage.
You miss the wolf.
The wolf is heavily wounded.
The wolf closely misses you. You block the wolf's attack.
The komodo dragon misses you.
You sock the wolf!
You kill the wolf!
Vehumet accepts your kill. The komodo dragon bites you!!
* * * LOW HITPOINT WARNING * * *
Unknown command.
Casting: Sandblast (safe; 1% risk of failure)
Confirm with . or Enter, or press ? or * to list all spells.
Aiming: Stone Arrow (safe; 1% risk of failure)
Press: ? - help, Shift-Dir - straight line, f - komodo dragon
Aim: a komodo dragon (81% to hit)
The stone arrow hits the komodo dragon!
The komodo dragon is moderately wounded.
The komodo dragon bites you!
* * * LOW HITPOINT WARNING * * *
Okay, then.
Okay, then.
You feel yourself speed up. The komodo dragon bites you!
You die...

..............[.
................
...........>....
..................
##...#.............
....#.......######
##...#......##.....
#P...#....l.#8.#...
######...#..†@.)#t..#.
.###.#.#....#......#?...Y.
..§§..†##....#....©#=...©.
§≈≈≈≈...#...#####..#[.....
≈#≈≈≈.......## #..#$..#.#
#≈#≈.<......# #..#8.#...
§≈##≈........# #..##.....
≈##≈≈.......## P...######
§ #≈≈..P..#..# #........


You could see an alligator and a komodo dragon.

Vanquished Creatures
  A dire elephant (Lair:2)
  2 centaur warriors (D:8)
  Amaemon (Lair:2)
  Pikel (D:7)
  A cyclops (D:8)
  15 elephants (Lair:2)
  An orange demon (Lair:2)
  6 cane toads
  An unseen horror (shapeshifter) (D:8)
  2 komodo dragons
  A rime drake (Lair:2)
  Prince Ribbit (Lair:2)
  Grinder (D:6)
  A slime creature (D:8)
  13 blink frogs
  A spriggan (Lair:2)
  7 yaks
  Eustachio (D:4)
  2 steam dragons
  7 water moccasins
  3 black bears
  3 ice beasts
  An orc warrior (D:8)
  2 sky beasts
  5 wolves (Lair:3)
  A centaur (D:6)
  6 kobold brigands
  3 phantoms
  8 bullfrogs
  A necrophage (D:5)
  2 gnoll sergeants
  2 scorpions
  11 killer bees (D:8)
  4 howler monkeys
  A gnoll bouda (D:6)
  2 jellies
  An orc priest (D:7)
  Terence (D:3)
  A hell rat (Sewer)
  Natasha (thrice) (D:4)
  2 iguanas
  2 orc wizards
  9 gnolls
  4 adders
  4 river rats
  2 shadow imps
  3 worms
  2 dart slugs
  18 orcs
  4 endoplasms
  7 giant cockroaches
  5 goblins
  7 hobgoblins
  24 kobolds
  5 quokkas
  9 ball pythons
  6 bats
  6 frilled lizards
  12 rats
258 creatures vanquished.

Vanquished Creatures (others)
  86 fungi
  64 plants
150 creatures vanquished.

Grand Total: 408 creatures vanquished

Notes
Turn   | Place    | Note
-------+----------+-------------------------------------------
     0 | D:1      | Radix the Gnoll Wanderer began the quest for the Orb.
     0 | D:1      | Radix set off with the following items: a +0 sling, 7
                  | boomerangs, a +0 dagger, a potion of attraction, a +0
                  | leather armour; and the following spell memorised:
                  | Sandblast; and the following spells available to memorise:
                  | Stone Arrow, Leda's Liquefaction.
     0 | D:1      | Reached XP level 1. HP: 17/17 MP: 4/4
   172 | D:1      | Reached XP level 2. HP: 13/23 MP: 5/5
   738 | D:2      | Reached XP level 3. HP: 28/28 MP: 2/7
  1156 | D:2      | Reached skill level 1 in Invocations
  1290 | D:2      | Reached skill level 1 in Short Blades
  1290 | D:2      | Reached skill level 1 in Long Blades
  1290 | D:2      | Reached skill level 1 in Axes
  1290 | D:2      | Reached skill level 1 in Maces & Flails
  1290 | D:2      | Reached skill level 1 in Polearms
  1290 | D:2      | Reached skill level 1 in Staves
  1290 | D:2      | Reached skill level 1 in Armour
  1290 | D:2      | Reached skill level 1 in Dodging
  1290 | D:2      | Reached skill level 1 in Shields
  1290 | D:2      | Reached skill level 1 in Unarmed Combat
  1290 | D:2      | Reached skill level 1 in Evocations
  1700 | D:3      | Noticed an ice beast
  1705 | D:3      | HP: 1/28 [ice beast (14)]
  1706 | D:3      | Killed an ice beast
  1707 | D:3      | Reached skill level 1 in Conjurations
  1707 | D:3      | Reached skill level 1 in Hexes
  1707 | D:3      | Reached skill level 1 in Summonings
  1707 | D:3      | Reached skill level 1 in Necromancy
  1707 | D:3      | Reached skill level 1 in Translocations
  1707 | D:3      | Reached skill level 1 in Transmutations
  1707 | D:3      | Reached skill level 1 in Fire Magic
  1707 | D:3      | Reached skill level 1 in Ice Magic
  1707 | D:3      | Reached skill level 1 in Air Magic
  1707 | D:3      | Reached skill level 1 in Poison Magic
  1707 | D:3      | Reached XP level 4. HP: 2/35 MP: 1/8
  1707 | D:3      | Reached XP level 5. HP: 2/41 MP: 1/9
  2007 | D:3      | Learned a level 3 spell: Stone Arrow
  2313 | D:3      | Noticed Terence
  2316 | D:3      | Killed Terence
  2447 | D:3      | Reached skill level 5 in Throwing
  2447 | D:3      | Reached XP level 6. HP: 27/47 MP: 2/11
  3128 | D:4      | Found a glowing drain.
  3138 | Sewer    | Entered a sewer
  3501 | D:4      | Noticed a water moccasin
  3514 | D:4      | Killed a water moccasin
  3515 | D:4      | Reached XP level 7. HP: 16/52 MP: 1/12
  3937 | D:4      | Noticed Natasha
  3940 | D:4      | Killed Natasha
  4043 | D:4      | Noticed Natasha
  4049 | D:4      | Killed Natasha
  4278 | D:4      | Noticed Natasha
  4285 | D:4      | Killed Natasha
  4551 | D:4      | Noticed Eustachio
  4569 | D:4      | Killed Eustachio
  5071 | D:5      | Entered Level 5 of the Dungeon
  5164 | D:5      | Reached XP level 8. HP: 60/60 MP: 11/14
  5212 | D:5      | Found a staircase to the Ecumenical Temple.
  5225 | Temple   | Entered the Ecumenical Temple
  5256 | Temple   | Became a worshipper of Vehumet
  5843 | D:6      | Found Quafoo's Antique Weapon Boutique.
  6011 | D:6      | Bought a buzzing morningstar for 252 gold pieces
  6011 | D:6      | Identified the +7 morningstar of the Grinning Weasel
                  | {vorpal, rC+} (You bought it in a shop on level 6 of the
                  | Dungeon)
  6020 | D:6      | Found Ulats's Armour Boutique.
  6039 | D:6      | Bought a +0 pair of gloves for 67 gold pieces
  6245 | D:6      | Noticed Grinder
  6249 | D:6      | Paralysed by Grinder for 2 turns
  6253 | D:6      | Killed Grinder
  6254 | D:6      | Reached XP level 9. HP: 50/67 MP: 8/16
  6272 | D:6      | Reached skill level 5 in Spellcasting
  6415 | D:6      | Found Tegit's Antique Armour Shop.
  6634 | D:6      | Reached skill level 5 in Fighting
  6634 | D:6      | Reached skill level 5 in Ranged Weapons
  6918 | D:6      | Found Yshirr's Jewellery Boutique.
  6989 | D:7      | Reached skill level 5 in Stealth
  7010 | D:7      | Reached * piety under Vehumet
  7010 | D:7      | Offered knowledge of Foxfire by Vehumet.
  7012 | D:7      | Reached skill level 5 in Invocations
  7125 | D:7      | Found a snail-covered altar of Cheibriados.
  7249 | D:7      | Noticed Pikel
  7261 | D:7      | Killed Pikel
  7381 | D:7      | Found Bif Cesi's Jewellery Boutique.
  7490 | D:7      | Reached skill level 5 in Short Blades
  7490 | D:7      | Reached skill level 5 in Long Blades
  7490 | D:7      | Reached skill level 5 in Axes
  7490 | D:7      | Reached skill level 5 in Maces & Flails
  7490 | D:7      | Reached skill level 5 in Polearms
  7490 | D:7      | Reached skill level 5 in Staves
  7490 | D:7      | Reached skill level 5 in Armour
  7490 | D:7      | Reached skill level 5 in Dodging
  7490 | D:7      | Reached skill level 5 in Shields
  7490 | D:7      | Reached skill level 5 in Unarmed Combat
  7490 | D:7      | Reached skill level 5 in Evocations
  7490 | D:7      | Reached XP level 10. HP: 53/76 MP: 18/18
  8296 | D:8      | Offered knowledge of Magic Dart by Vehumet.
  8403 | D:8      | Noticed a centaur warrior
  8406 | D:8      | Noticed a centaur warrior
  8416 | D:8      | Killed a centaur warrior
  8416 | D:8      | Reached ** piety under Vehumet
  8421 | D:8      | Killed a centaur warrior
  8646 | D:8      | Noticed a cyclops
  8831 | D:8      | Killed a cyclops
  8961 | D:8      | Reached skill level 5 in Conjurations
  8961 | D:8      | Reached skill level 5 in Hexes
  8961 | D:8      | Reached skill level 5 in Summonings
  8961 | D:8      | Reached skill level 5 in Necromancy
  8961 | D:8      | Reached skill level 5 in Translocations
  8961 | D:8      | Reached skill level 5 in Transmutations
  8961 | D:8      | Reached skill level 5 in Fire Magic
  8961 | D:8      | Reached skill level 5 in Ice Magic
  8961 | D:8      | Reached skill level 5 in Air Magic
  8961 | D:8      | Reached skill level 5 in Poison Magic
  8991 | D:8      | Reached XP level 11. HP: 79/83 MP: 21/21
  9022 | D:8      | Found a staircase to the Lair.
  9808 | Lair:1   | Entered Level 1 of the Lair of Beasts
  9812 | Lair:1   | Learned a level 2 spell: Static Discharge
 10861 | Lair:2   | Noticed mkat's ghost (journeyman SpCj)
 10861 | Lair:2   | Found a transporter.
 10861 | Lair:2   | Found a transporter.
 11062 | Lair:2   | Noticed Amaemon
 11065 | Lair:2   | Noticed Prince Ribbit
 11066 | Lair:2   | Offered knowledge of Poisonous Vapours by Vehumet.
 11068 | Lair:2   | Killed Amaemon
 11068 | Lair:2   | Killed Prince Ribbit
 11384 | Lair:2   | Found a hole to the Spider Nest.
 11493 | Lair:2   | Reached *** piety under Vehumet
 11609 | Lair:2   | Reached XP level 12. HP: 47/91 MP: 23/23
 12217 | Lair:2   | Noticed a dire elephant
 12242 | Lair:2   | Killed a dire elephant
 12878 | Lair:2   | Offered knowledge of Iskenderun's Mystic Blast by Vehumet.
 12885 | Lair:2   | Learned a level 5 spell: Lightning Bolt
 13740 | Lair:3   | Noticed an alligator
 13762 | Lair:3   | Mangled by a komodo dragon

Illustrated notes

Levels and vault maps discovered:
D:1:      lightli_arrival_windingriver, layout_rooms
D:2:      layout_basic, st_stairs_13
D:3:      layout_loops_cross, nrook_mini_vaults, uniq_terence
D:4:      layout_basic, portal_sewer_entry_e, uniq_natasha, uniq_eustachio
D:5:      layout_basic, minmay_temple_entry_gardened_gates,
          kennysheep_small_square
D:6:      layout_rooms, serial_shops, nicolae_lakefront_shop, kennysheep_mini,
          shop_fountains, nicolae_shop_overgrown_old_shop, uniq_grinder
D:7:      layout_basic, kennysheep_slug_shrine, serial_shops,
          nicolae_shop_stone, uniq_pikel
D:8:      layout_basic, lair_entry_dummy, minmay_the_grid_2x2
          [minmay_the_grid_mess, minmay_the_grid_aliased_spiral,
          minmay_the_grid_paths, minmay_the_grid_prize_big_room]
Temple:   nicolae_temple_bog_church
Lair:1:   layout_roguey, lemuel_fruit_tree, serial_bayou_shore_b
Lair:2:   mu_elephants_graveyard, layout_gridlike, spider_nest_entry_webs,
          gammafunk_ghost_hive, beast_lair_carwin_8, uniq_amaemon,
          uniq_prince_ribbit2
Lair:3:   layout_gridlike, swamp_mist_pool, gammafunk_ghost_arena,
          infiniplex_staircase_pool_2, serial_bayou_shore_b

Skill      XL: |  1  2  3  4  5  6  7  8  9 10 11 12 |
---------------+-------------------------------------+-----
Invocations    | 1 2 3 4 5 6 7 8 |  8.7
Short Blades   | 1 2 3 4 5 6 7 |  7.9
Long Blades    | 1 2 3 4 5 6 7 |  7.9
Axes           | 1 2 3 4 5 6 7 |  7.9
Maces & Flails | 1 2 3 4 5 6 7 |  7.9
Polearms       | 1 2 3 4 5 6 7 |  7.9
Staves         | 1 2 3 4 5 6 7 |  7.9
Armour         | 1 2 3 4 5 6 7 |  7.9
Dodging        | 1 2 3 4 5 6 7 |  7.9
Shields        | 1 2 3 4 5 6 7 |  7.9
Unarmed Combat | 1 2 3 4 5 6 7 |  7.9
Evocations     | 1 2 3 4 5 6 7 |  7.9
Fighting       | 3 4 5 6 7 8 |  8.4
Ranged Weapons | 3 4 5 6 7 8 |  8.4
Spellcasting   | 3 4 5 6 7 8 |  8.4
Conjurations   | 1 2 3 4 5 6 |  6.6
Hexes          | 1 2 3 4 5 6 |  6.6
Summonings     | 1 2 3 4 5 6 |  6.6
Necromancy     | 1 2 3 4 5 6 |  6.6
Translocations | 1 2 3 4 5 6 |  6.6
Transmutations | 1 2 3 4 5 6 |  6.6
Fire Magic     | 1 2 3 4 5 6 |  6.6
Ice Magic      | 1 2 3 4 5 6 |  6.6
Air Magic      | 1 2 3 4 5 6 |  6.6
Poison Magic   | 1 2 3 4 5 6 |  6.6
Throwing       | 5 6 7 8 9 |  9.2
Stealth        | 3 4 5 6 7 8 |  8.3
Earth Magic    | 8 9 |  9.8

Action                   |  1- 3 |  4- 6 |  7- 9 | 10-12 || total
-------------------------+-------+-------+-------+-------++-------
Melee: Dagger            |    29 |       |       |       ||    29
       Bite              |     5 |       |    12 |    47 ||    64
       Spear             |    15 |       |       |       ||    15
       Mace              |       |     3 |    32 |       ||    35
       Morningstar       |       |       |    84 |   308 ||   392
       Punch             |       |       |     3 |     7 ||    10
 Fire: Sling             |    31 |    61 |       |       ||    92
Throw: Boomerang         |     6 |       |       |       ||     6
 Cast: Sandblast         |    23 |    43 |    66 |    50 ||   182
       Stone Arrow       |       |     5 |    24 |    73 ||   102
  Use: Potion            |       |     2 |     2 |    19 ||    23
       Scroll            |       |       |    15 |    10 ||    25
 Stab: Sleeping          |     1 |       |     2 |     2 ||     5
       Distracted        |       |       |       |     1 ||     1
Armor: Leather armour    |    12 |     9 |    25 |       ||    46
       Steam dragon scal |       |       |    23 |   149 ||   172
       Skin              |       |       |       |    21 ||    21
Dodge: Dodged            |    31 |    15 |    89 |   337 ||   472
Block: Buckler           |       |       |       |    85 ||    85
